 Dungeon Crawl Stone Soup version 0.30-a0-1059-g7dea3e163d (webtiles) character file.

Game seed: 1507384181413143278

2190 IndexError the Basher (level 9, 0/57 HPs)
             Began as a Gargoyle Fighter on Apr 12, 2023.
             Was an Elder of Wu Jian.
             Splashed by a jelly's acid (9 damage)
             ... on level 6 of the Dungeon.
             The game lasted 00:15:37 (5544 turns).

IndexError the Basher (Gargoyle Fighter)            Turns: 5544, Time: 00:15:37

Health: 0/57       AC: -1    Str: 22    XL:     9   Next: 33%
Magic:  18/18      EV: 14    Int: 11    God:    Wu Jian [****..]
Gold:   213        SH:  5    Dex:  9    Spells: 8/8 levels left

rFire   . . .      SeeInvis .    a - +2 whip (drain)
rCold   . . .      Faith    .    c - +0 buckler
rNeg    + . .      Spirit   .    d - +0 scale mail
rPois   ∞          Reflect  .    k - +0 helmet
rElec   +          Rampage  .    (no cloak)
rCorr   .                        (no gloves)
Will    .....                    (no boots) Stlth
                                 (no amulet)
HPRegen 0.29/turn                f - +5 ring of evasion
MPRegen 0.16/turn                C - ring of magical power {MP+9}

@: exhausted, corroded
A: sickness immunity, AC +6, negative energy resistance 1, electricity
resistance, torment resistance 1, petrification resistance
a: Renounce Religion, Wall Jump, Serpent's Lash


You were on level 6 of the Dungeon.
You worshipped Wu Jian.
Wu Jian was greatly pleased with you.
You visited 2 branches of the dungeon, and saw 8 of its levels.

You collected 213 gold pieces.

Inventory:

Hand Weapons
 a - a +2 whip of draining (weapon)
   (You took it off an orc on level 5 of the Dungeon)
 b - a +1 shortbow of electrocution
   (You found it on level 6 of the Dungeon)
Armour
 c - a +0 buckler (worn)
 d - a +0 scale mail (worn)
 k - a +0 helmet (worn)
   (You took it off Robin on level 3 of the Dungeon)
Magical Staves
 n - a staff of death {rN+}
   (You found it on level 3 of the Dungeon)
Jewellery
 f - a +5 ring of evasion (left hand)
   (You found it on level 1 of the Dungeon)
 C - a ring of magical power (right hand) {MP+9}
   (You found it on level 7 of the Dungeon)
Wands
 B - a wand of iceblast (6)
   (You found it on level 6 of the Dungeon)
Scrolls
 e - 2 scrolls of amnesia {unknown}
 g - 6 scrolls of identify {unknown}
 h - 6 scrolls of teleportation
 i - a scroll of silence {unknown}
 l - a scroll of immolation {unknown}
 o - a scroll of acquirement {unknown}
 s - a scroll of noise {unknown}
 u - a scroll of magic mapping {unknown}
 v - a scroll of enchant armour {unknown}
 y - a scroll of summoning {unknown}
Potions
 j - 2 potions of haste {unknown}
 m - a potion of resistance {unknown}
 p - a potion of mutation {unknown}
 q - 2 potions of might
 r - 2 potions of flight {unknown}
 t - a potion of heal wounds
 w - a potion of degeneration {unknown}
 z - a potion of magic {unknown}
 A - a potion of brilliance {unknown}


   Skills:
 + Level 7.4 Fighting
 * Level 8.8 Maces & Flails
 - Level 3.2 Armour
 + Level 7.4 Shields


You had 8 spell levels left.
You didn't know any spells.
Your spell library contained the following spells:

 Spells                   Type           Power      Damage    Failure   Level
 Foxfire                  Conj/Fire      0%         2x1d4     75%         1
 Freeze                   Ice            0%         1d3       75%         1
 Wereblood                Tmut           0%         N/A       86%         2
 Dazzling Flash           Conj/Hex       0%         N/A       98%         3
 Frozen Ramparts          Ice            0%         1d1       98%         3
 Hailstorm                Conj/Ice       0%         3d3       98%         3
 Ignite Poison            Fire/Tmut/Pois 0%         N/A       98%         3
 Vhi's Electric Charge    Tloc/Air       0%         N/A       98%         3
 Summon Lightning Spire   Summ/Air       0%         N/A       100%        4
 Agony                    Necr           0%         N/A       100%        5
 Fireball                 Conj/Fire      0%         3d3       100%        5
 Freezing Cloud           Conj/Ice/Air   0%         6-21      100%        5
 Silence                  Hex/Air        0%         N/A       100%        5
 Plasma Beam              Fire/Air       0%         2x1d11    100%        6
 Starburst                Conj/Fire      0%         6d3       100%        6
 Storm Form               Tmut/Air       0%         N/A       100%        7
 Maxwell's Capacitive Co  Air            0%         ∞         100%        8
 Cigotuvi's Dreadful Rot  Necr/Pois/Air  Unusable   N/A       N/A         2

Dungeon Overview and Level Annotations

Branches:
Dungeon (7/15)             Temple (1/1) D:4

Altars:
Ashenzari
Cheibriados
Dithmenos
Elyvilon
Fedhas
Gozag
Hepliaklqana
Makhleb
Nemelex Xobeh
Okawaru
Trog
Uskayaw
Vehumet
Wu Jian
Xom
Yredelemnul
Zin

Shops:
D:6 [


Innate Abilities, Weirdness & Mutations

You are immune to sickness and miasma.
Your stone body is resilient. (AC +6)
You are immune to poison.
You resist negative energy. (rN+)
You are resistant to electric shocks. (rElec)
You are resistant to unholy torment.
You are immune to petrification.


Message History

The killer bee completely misses you.
You whack the killer bee! The killer bee closely misses you. x2
You closely miss the killer bee.
The killer bee stings you but does no damage.
You block the killer bee's attack. The killer bee misses you. x2
You closely miss the killer bee. The killer bee closely misses you.
The killer bee stings you but does no damage.
You closely miss the killer bee. The killer bee misses you.
The killer bee closely misses you.
You hit the killer bee. The Council accepts your kill.
The killer bee completely misses you. You block the killer bee's attack.
You whack the killer bee! You drain the killer bee.
The Council accepts your kill.
No target in view!
Things that are here:
+0 steam dragon scales; a steam dragon corpse D - +0 steam dragon scales You drop +0 steam dragon scales.
You drop a +1 short sword of venom.
Unknown command.
Unknown command.
Adjust (i)tems, (s)pells, or (a)bilities?
x - a +1 shortbow of electrocution Adjust to which letter? (? for menu, Esc to quit)
b - a +1 shortbow of electrocution
There is a stone staircase leading down here.
Things that are here:
a killer bee corpse; a howler monkey corpse You climb downwards.
The killer bee stings you but does no damage.
The killer bee misses you. x2; The killer bee closely misses you.
The jelly misses you.
The killer bee stings you but does no damage.
The killer bee closely misses you. The jelly hits you but does no damage.
There is a stone staircase leading up here.
You block the killer bee's attack. The killer bee barely misses you.
The killer bee stings you. The killer bee completely misses you.
The jelly misses you.
You climb upwards.
There is a stone staircase leading down here.
Things that are here:
a killer bee corpse; a howler monkey corpse You take 4 damage, and have 51/57 hp.
You closely miss the killer bee. The killer bee closely misses you.
The killer bee misses you.
You hit the killer bee but do no damage.
You drain the killer bee. The killer bee barely misses you.
The killer bee closely misses you. The jelly hits you. The acid corrodes you!
You are splashed with acid!
You take 12 damage, and have 39/57 hp.
MASSIVE DAMAGE!!
You hit the killer bee but do no damage.
The killer bee closely misses you. x2; The jelly barely misses you.
You block the killer bee's attack.
The killer bee stings you but does no damage.
You hit the killer bee but do no damage.
You drain the killer bee. The killer bee closely misses you.
The killer bee stings you but does no damage.
You miss the killer bee. The killer bee misses you. The killer bee stings you.
The jelly hits you. The acid corrodes you!
You are splashed with acid!
The killer bee barely misses you.
The killer bee stings you but does no damage.
You take 13 damage, and have 26/57 hp.
MASSIVE DAMAGE!!
You are too injured to fight recklessly!
You are too injured to fight recklessly!
You are too injured to fight recklessly!
You are too injured to fight recklessly!
You are too injured to fight recklessly!
You are too injured to fight recklessly!
You are too injured to fight recklessly!
You are too injured to fight recklessly!
You are too injured to fight recklessly!
You are too injured to fight recklessly!
You are too injured to fight recklessly!
You are too injured to fight recklessly!
Your muscles tense, ready for explosive movement...
You spin and attack the jelly repeatedly, with incredible momentum.
You hit the jelly but do no damage.
Your hands burn!
You hit the jelly but do no damage.
Your hands burn!
You take 8 damage, and have 18/57 hp.
You spin and attack the jelly, with incredible momentum.
You hit the jelly but do no damage.
Your hands burn!
* * * LOW HITPOINT WARNING * * *
Your supernatural speed expires.
You take 2 damage, and have 16/57 hp.
The jelly attacks as you move away! The jelly misses you.
You spin and attack the jelly repeatedly.
You hit the jelly but do no damage. The acid corrodes you!
Your hands burn!
* * * LOW HITPOINT WARNING * * *
You hit the jelly but do no damage. You drain the jelly. The acid corrodes you!
Your hands burn!
* * * LOW HITPOINT WARNING * * *
The jelly closely misses you.
You take 5 damage, and have 12/57 hp.
You spin and attack the jelly.
You hit the jelly. The acid corrodes you!
Your hands burn!
* * * LOW HITPOINT WARNING * * *
The jelly hits you.
* * * LOW HITPOINT WARNING * * *
You are splashed with acid!
You die...

##....#....#...........
#..........##..........
###......................
#...#........##........##
##...##..................#
####.........####.#..........
###.#............#...........##
#.......#.###.yJ.○.).........#
#.......#.# ##@#.#.#.........#
#...#.#...###..###.##...#....##
#######.......## #.##...#......
##....##..# #........##...
#....###..###...........#.
#....##.#..............#..
##.....................##.
##.#................###..
#.......................


You could see a jelly (very drained) and a killer bee.

Vanquished Creatures
  A troll (D:5)
  Prince Ribbit (D:6)
  Eustachio (D:6)
  A steam dragon (D:6)
  A sky beast (D:6)
  An ice beast (D:7)
  2 ogres
  Blork the orc (D:5)
  3 scorpions
  2 killer bees (D:6)
  5 howler monkeys
  5 hounds
  A jelly (D:6)
  Terence (D:2)
  3 iguanas
  2 orc wizards
  Robin (D:3)
  10 adders
  7 gnolls
  A shadow imp (D:6)
  4 ufetubi
  A worm (D:4)
  4 dart slugs
  14 orcs
  10 endoplasms
  5 giant cockroaches
  16 goblins
  15 hobgoblins
  2 jackals (D:3)
  6 quokkas
  4 ball pythons
  7 bats
  8 kobolds
  4 rats
150 creatures vanquished.

Notes
Turn   | Place    | Note
-------+----------+-------------------------------------------
     0 | D:1      | IndexError the Gargoyle Fighter began the quest for the
                  | Orb.
     0 | D:1      | Reached XP level 1. HP: 14/14 MP: 1/1
   148 | D:1      | Reached XP level 2. HP: 17/19 MP: 2/2
   215 | D:1      | Found a faded altar of an unknown god.
   227 | D:1      | Prayed at the altar of an unknown god.
   227 | D:1      | Became a worshipper of the Wu Jian Council
   227 | D:1      | Reached * piety under Wu Jian
   425 | D:1      | Reached XP level 3. HP: 22/23 MP: 3/3
   449 | D:1      | Got the Papyrus of Sculpting and Inhalation
   617 | D:1      | Reached skill level 3 in Maces & Flails
  1062 | D:2      | Noticed Terence
  1081 | D:2      | Killed Terence
  1081 | D:2      | Reached ** piety under Wu Jian
  1082 | D:2      | Reached XP level 4. HP: 19/29 MP: 4/4
  1203 | D:2      | Reached skill level 4 in Fighting
  1227 | D:2      | Reached skill level 4 in Shields
  1298 | D:2      | Reached XP level 5. HP: 33/33 MP: 5/5
  1642 | D:3      | Reached skill level 4 in Maces & Flails
  1702 | D:3      | Noticed Robin
  1843 | D:3      | Killed Robin
  2016 | D:3      | Reached *** piety under Wu Jian
  2398 | D:4      | Reached XP level 6. HP: 32/39 MP: 6/6
  2646 | D:4      | Found a staircase to the Ecumenical Temple.
  2754 | D:4      | Found an ornate altar of the Wu Jian Council.
  2888 | D:4      | Reached skill level 5 in Maces & Flails
  3281 | D:4      | Reached skill level 5 in Fighting
  3281 | D:4      | Reached skill level 5 in Shields
  3281 | D:4      | Reached XP level 7. HP: 44/44 MP: 7/7
  3589 | Temple   | Entered the Ecumenical Temple
  3713 | D:5      | Entered Level 5 of the Dungeon
  3844 | D:5      | Reached skill level 6 in Maces & Flails
  4001 | D:5      | Noticed a troll
  4019 | D:5      | Killed a troll
  4020 | D:5      | Reached skill level 6 in Fighting
  4020 | D:5      | Reached skill level 6 in Shields
  4020 | D:5      | Reached XP level 8. HP: 51/51 MP: 8/8
  4051 | D:5      | Noticed Blork the orc
  4059 | D:5      | Killed Blork the orc
  4060 | D:5      | Reached skill level 7 in Maces & Flails
  4876 | D:6      | Noticed Eustachio
  4899 | D:6      | Killed Eustachio
  4900 | D:6      | Reached skill level 8 in Maces & Flails
  5024 | D:6      | Found Videsy's Antique Armour Shoppe.
  5180 | D:7      | Reached XP level 9. HP: 56/56 MP: 9/9
  5229 | D:7      | Noticed Prince Ribbit
  5260 | D:6      | Killed Prince Ribbit
  5260 | D:6      | Reached skill level 7 in Fighting
  5260 | D:6      | Reached skill level 7 in Shields
  5517 | D:6      | Reached **** piety under Wu Jian
  5543 | D:6      | HP: 12/57 [acid (4)]
  5544 | D:6      | Splashed by a jelly's acid

Illustrated notes

Levels and vault maps discovered:
D:1:      saegor_arrival_simple_a, layout_basic, basic_ecumenical_altar,
          chequers_big_river, minmay_small_reverse_x
D:2:      layout_rooms, interstate_on_off, kennysheep_cross_bottleneck,
          uniq_terence
D:3:      layout_rooms, grunt_decor_one_mirror, uniq_robin
D:4:      layout_basic, nzn_wu_jian_contemplation, minmay_temple_entry_poolview
D:5:      layout_basic, uniq_blork_the_orc
D:6:      layout_cave_pools, serial_shops, kennysheep_mini, uniq_eustachio
D:7:      layout_cave_pools, marbit_many_paths, minivault_22, sigmund_army,
          uniq_prince_ribbit1
Temple:   lightli_temple_of_artemis

Skill      XL: |  1  2  3  4  5  6  7  8  9 |
---------------+----------------------------+-----
Maces & Flails | 3 4 5 6 8 |  8.8
Fighting       | 4 5 6 7 |  7.4
Shields        | 4 5 6 7 |  7.4
Armour         | |  3.2

Action                     |  1- 3 |  4- 6 |  7- 9 || total
---------------------------+-------+-------+-------++-------
  Melee: Flail             |   127 |   273 |    49 ||   449
         Whip              |       |       |   259 ||   259
 Invoke: Serpent's Lash    |       |     1 |     5 ||     6
Ability: Lunge             |     7 |    12 |    12 ||    31
         Whirlwind         |     7 |    57 |    65 ||   129
    Use: Potion            |     1 |       |     1 ||     2
         Scroll            |       |       |     1 ||     1
 Armour: Scale mail        |    34 |   105 |   112 ||   251
  Dodge: Dodged            |    86 |   150 |   221 ||   457
  Block: Buckler           |    27 |    50 |    75 ||   152

Table legend: (Time is in decaauts)
 A = Elapsed time spent in this place.
 B = Non-inter-level travel time spent in this place.
 C = Inter-level travel time spent in this place.
 D = Time resting spent in this place.
 E = Time spent auto-exploring this place.
 F = Levels seen in this place.
 G = Mean time per level.
                   A        B        C        D        E       F      G
               +--------+--------+--------+--------+--------+-----+--------+
         Total |   5606 |   5076 |    530 |     67 |   3797 |   8 |  700.8 |
       Dungeon |   5501 |   4988 |    513 |     67 |   3715 |   7 |  785.9 |
        Temple |    105 |     88 |     17 |      0 |     82 |   1 |  105.0 |
               +--------+--------+--------+--------+--------+-----+--------+

Top non-repeatable levels by time:
     D:4: 1347 daAuts
     D:1: 1045 daAuts
     D:6: 895 daAuts
     D:2: 799 daAuts
     D:5: 654 daAuts
     D:3: 610 daAuts
     D:7: 147 daAuts
  Temple: 105 daAuts

Table legend:
 A = Kills in this place as a percentage of kills in the entire game.
 B = Kills by you in this place as a percentage of kills by you in the entire game.
 C = Kills by friends in this place as a percentage of kills by friends in the entire game.
 D = Other kills in this place as a percentage of other kills in the entire game.
 E = Experience gained in this place as a percentage of experience gained in the entire game.
 F = Experience gained in this place divided by the number of levels of this place that you have seen.
                   A       B       C       D       E      F
               +-------+-------+-------+-------+-------+----------------------
         Total | 100.0 | 100.0 |   N/A |   N/A | 100.0 | 391.1
       Dungeon | 100.0 | 100.0 |   N/A |   N/A | 100.0 | 447.0
               +-------+-------+-------+-------+-------+----------------------
